 Dungeon Crawl Stone Soup version 0.31-a0-145-g046c7d2549 (webtiles) character file.

Game seed: 13779997807699553951

77 qw the Shooter (level 4, -1/38 HPs)
             Began as a Minotaur Hunter on June 7, 2023.
             Slain by Sigmund
             ... wielding a +0 scythe of freezing
              (9 damage)
             ... on level 3 of the Dungeon.
             The game lasted 00:00:46 (2234 turns).

qw the Shooter (Minotaur Hunter)                    Turns: 2234, Time: 00:00:46

Health: -1/38      AC:  5    Str: 16    XL:     4   Next: 14%
Magic:  0/3        EV: 11    Int:  6    God:
Gold:   43         SH:  0    Dex: 15    Spells: 3/3 levels left

rFire   . . .        Y - +1 shortbow
rCold   . . .        (shield currently unavailable)
rNeg    . . .        a - +0 ring mail
rPois   .            (helmet restricted)
rElec   .            (no cloak)
rCorr   .            (no gloves)
SInv    .            (no boots)
Will    .....        g - amulet of guardian spirit
Stlth   +            (no ring)
HPRegen 0.26/turn    (no ring)
MPRegen 0.08/turn

%: guardian spirit
@: no status effects
A: horns 2, retaliatory headbutt
a: no special abilities


You were on level 3 of the Dungeon.
You visited 1 branch of the dungeon, and saw 3 of its levels.

You collected 103 gold pieces.
You spent 60 gold pieces at shops.


Innate Abilities, Weirdness & Mutations

You have a pair of horns on your head.
You reflexively headbutt those who attack you in melee.


   Skills:
 - Level 3.0 Fighting
 + Level 5.8 Ranged Weapons
 - Level 1.3 Armour
 - Level 2.1 Dodging
 - Level 0.7 Stealth


You had 3 spell levels left.
You didn't know any spells.
Your spell library was empty.

Inventory:

Hand Weapons
 Y - a +1 shortbow (weapon)
Armour
 a - a +0 ring mail (worn)
Jewellery
 g - an amulet of guardian spirit (around neck)
Scrolls
 b - a scroll of identify
 e - a scroll of acquirement {unknown}
Potions
 c - a potion of might {unknown}
 d - a potion of cancellation {unknown}
 f - a potion of degeneration {unknown}
 h - a potion of invisibility {unknown}
 i - 4 potions of curing
 j - a potion of heal wounds {unknown}
 m - a potion of lignification {unknown}

Dungeon Overview and Level Annotations

Branches:
Dungeon (3/15)

Altars:

Shops:
D:3 !

Annotations:
D:3 3 runed translucent doors, Sigmund; qw's ghost, amateur GrFi


Message History

Sigmund closely misses you.
You shoot an arrow. The arrow barely misses Sigmund.
You shoot an arrow. The arrow closely misses Sigmund.
Sigmund casts a spell at you. The magic dart hits you.
Sigmund gestures at you while chanting. The magic dart hits you.
You shoot an arrow. The arrow hits Sigmund.
Sigmund is lightly wounded.
Sigmund closely misses you.
You shoot an arrow. The arrow hits Sigmund.
Sigmund is moderately wounded.
Sigmund closely misses you.
You shoot an arrow. The arrow hits Sigmund.
Sigmund is moderately wounded.
You shoot an arrow. The arrow hits Sigmund.
Sigmund is moderately wounded.
Sigmund points at you and mumbles some strange words.
The magic dart hits you.
You shoot an arrow. The arrow barely misses Sigmund.
Sigmund misses you.
You shoot an arrow. The arrow hits Sigmund!
Sigmund is severely wounded.
Sigmund points at you and mumbles some strange words.
You resist with some effort.
You shoot an arrow. The arrow closely misses Sigmund.
Sigmund casts a spell.
Sigmund flickers and vanishes!
Deactivating autopickup; reactivate with Ctrl-A.
Something hits you. Something freezes you.
You shoot an arrow. You shoot an arrow. Something hits you!
Something freezes you.
You shoot an arrow. Something hits you. Something freezes you.
You shoot an arrow. Something hits you but does no damage.
You shoot an arrow. Something hits you!
You die...

#.####### #.......#
#####.. ##...###
##############8.8....
#.{.@......:...\.....
.....############8.8....
... ##...... . #......
#...%.. ###......
#........ ##........
#..%.)####


There were no monsters in sight!

Vanquished Creatures
  An adder (D:3)
  2 dart slugs
  An orc (D:3)
  7 ball pythons
  13 bats
  6 endoplasms
  3 giant cockroaches
  4 goblins
  3 hobgoblins
  4 jackals
  3 quokkas
  4 frilled lizards (D:1)
  4 kobolds
  2 rats
57 creatures vanquished.

Notes
Turn   | Place    | Note
-------+----------+-------------------------------------------
     0 | D:1      | qw the Minotaur Hunter began the quest for the Orb.
     0 | D:1      | Reached XP level 1. HP: 18/18 MP: 0/0
     0 | D:1      | 0 ||| qw: Version: 0.2-a-117-gc6b5c8b
     0 | D:1      | 0 ||| qw: Game counter: 2448
     0 | D:1      | 0 ||| qw: Always use a shield: true
     0 | D:1      | 0 ||| qw: God list: Okawaru
     0 | D:1      | 0 ||| qw: Allow faded altars: false
     0 | D:1      | 0 ||| qw: Do Orc after D:15 true
     0 | D:1      | 0 ||| qw: Do second Lair branch before Depths: true
     0 | D:1      | 0 ||| qw: Lair rune preference: random
     0 | D:1      | 0 ||| qw: Plans: Normal
     0 | D:1      | 0 ||| PLANNING D:1-11
   189 | D:1      | Reached XP level 2. HP: 25/25 MP: 1/1
   214 | D:1      | Reached skill level 5 in Ranged Weapons
   240 | D:1      | Reached skill level 3 in Fighting
   525 | D:1      | Reached XP level 3. HP: 31/31 MP: 2/2
   938 | D:1      | 938 ||| UPGRADING to amulet of guardian spirit.
   943 | D:1      | 943 ||| READING scroll labelled PAIPPUMEQU.
   944 | D:1      | 944 ||| READING scroll labelled CUEWEY SIMO.
   945 | D:1      | 945 ||| READING scroll labelled OBACOCEYLA.
   946 | D:1      | 946 ||| READING scroll labelled TAHAESM QADGHA.
   947 | D:1      | 947 ||| READING scroll labelled WETREO ZIPRIXTAU.
   948 | D:1      | 948 ||| DROPPING scroll of butterflies.
   950 | D:1      | 950 ||| Stepping ~*~*~tactically~*~*~ (cloud).
   954 | D:1      | HP: 7/31 [poisoned by you (poison gas)]
   959 | D:1      | HP: 4/31 [poisoned by you (poison gas)]
  1855 | D:2      | 1855 ||| UPGRADING to +0 ring mail.
  1865 | D:2      | 1865 ||| DROPPING +0 leather armour.
  1866 | D:2      | 1866 ||| READING scroll labelled BIORUO KAGIHAO.
  1918 | D:2      | 1918 ||| READING scroll labelled MIPHUAWOQ.
  1919 | D:2      | 1919 ||| READING scroll labelled BAOF TEPOHOA.
  1920 | D:2      | 1920 ||| DRINKING 2 black potions.
  1921 | D:2      | 1921 ||| DROPPING potion of enlightenment.
  1967 | D:3      | Noticed a kobold brigand
  1967 | D:3      | Noticed qw's ghost (amateur GrFi)
  1967 | D:3      | Found a runed translucent gate.
  1967 | D:3      | Found a runed translucent gate.
  1967 | D:3      | Found a runed translucent gate.
  2035 | D:3      | Reached skill level 1 in Armour
  2035 | D:3      | Reached XP level 4. HP: 24/38 MP: 1/3
  2141 | D:3      | Found Lapsiav's Distillery.
  2152 | D:3      | 2152 ||| SHOPLISTING 2 potions of mutation (160 gold, have
                  | 103).
  2152 | D:3      | 2152 ||| BUYING potion of curing (30 gold).
  2152 | D:3      | Bought a potion of curing for 30 gold pieces
  2152 | D:3      | 2152 ||| BUYING potion of curing (30 gold).
  2152 | D:3      | Bought a potion of curing for 30 gold pieces
  2152 | D:3      | 2152 ||| SHOPLISTING potion of heal wounds (50 gold, have
                  | 43).
  2217 | D:3      | Noticed Sigmund
  2232 | D:3      | HP: 7/38 [something (3)]
  2234 | D:3      | Slain by Sigmund

Levels and vault maps discovered:
D:1:      dpeg_arrival_yet_another_circle, layout_basic,
          minmay_misc_feat_hallway
D:2:      layout_basic, minmay_misc_feat_tower, palyth_stone_intersect
D:3:      layout_rooms, gammafunk_ghost_nasty_kobolds, serial_shops,
          nicolae_shop_tiny_statue_garden, uniq_sigmund

Skill      XL: |  1  2  3 |
---------------+----------+-----
Ranged Weapons | 5 |  5.8
Fighting       | 3 |  3.0
Armour         | 1 |  1.3
Dodging        | |  2.1
Stealth        | |  0.7

Action                     |  1- 3 |  4- 6 || total
---------------------------+-------+-------++-------
   Fire: Shortbow          |   125 |    26 ||   151
    Use: Scroll            |     8 |       ||     8
         Potion            |     1 |       ||     1
 Armour: Leather armour    |    13 |       ||    13
         Ring mail         |     2 |     3 ||     5
  Dodge: Dodged            |    31 |    10 ||    41

Table legend:
 A = Non-vault XP
 B = Vault XP
 C = Vault XP percentage of total XP
 D = Non-vault monster count
 E = Vault monster count
 F = Vault count percentage of total count
                 A         B        C        D         E       F
            +---------+---------+-------+---------+---------+-------
      Total |     111 |       0 |   0.0 |      57 |       0 |   0.0
            +---------+---------+-------+---------+---------+-------
        D:1 |      51 |       0 |   0.0 |      31 |       0 |   0.0
        D:2 |      30 |       0 |   0.0 |      17 |       0 |   0.0
        D:3 |      30 |       0 |   0.0 |       9 |       0 |   0.0
            +---------+---------+-------+---------+---------+-------
